 Dungeon Crawl Stone Soup version 0.24-a0-525-g9231cdcba1 (webtiles) character file.

Game seed: 16037420955410849526

210 Mithandil the Conjurer (level 5, 0/28 HPs)
             Began as a Deep Elf Conjurer on Aug 1, 2019.
             Slain by a gnoll
             ... wielding a +0 club
              (8 damage)
             ... on level 3 of the Dungeon.
             The game lasted 00:18:57 (2686 turns).

Mithandil the Conjurer (Deep Elf Conjurer)          Turns: 2686, Time: 00:18:58

Health: 0/28       AC:  4    Str:  6    XL:     5   Next: 57%
Magic:  1/14       EV: 13    Int: 20    God:
Gold:   128        SH:  0    Dex: 15    Spells: 3/14 levels left

rFire    . . .     SeeInvis .   a - +2 short sword (venom)
rCold    . . .     Gourm    .   (no shield)
rNeg     . . .     Faith    .   j - +0 leather armour
rPois    .         Spirit   .   k - +0 helmet
rElec    .         Reflect  .   (no cloak)
rCorr    .         Harm     .   (no gloves)
MR       .....                  (no boots)
Stlth    ++........             (no amulet)
HPRegen  0.09/turn              (no ring)
MPRegen  0.14/turn              (no ring)

@: no status effects
A: no striking features
a: no special abilities


You were on level 3 of the Dungeon.
You were not hungry.

You visited 1 branch of the dungeon, and saw 4 of its levels.

You collected 128 gold pieces.

Inventory:

Hand Weapons
 a - a +2 short sword of venom (weapon)
 b - a +0 quarterstaff
 c - a +0 dagger
Missiles
 f - 12 arrows
 i - 12 poisoned darts (quivered)
Armour
 j - a +0 leather armour (worn)
 k - a +0 helmet (worn)
Jewellery
 t - a +5 ring of intelligence {unknown}
Wands
 u - a wand of random effects (12)
 w - a wand of enslavement (15)
Scrolls
 d - a scroll of teleportation {unknown}
 e - a scroll of noise {unknown}
 h - 2 scrolls of identify {unknown}
 q - a scroll of fog {unknown}
 s - 3 scrolls of enchant armour {unknown}
 x - 4 scrolls of remove curse {unknown}
Potions
 g - a potion of curing {unknown}
 l - a potion of ambrosia {unknown}
 m - 2 potions of degeneration {unknown}
 p - 2 potions of agility {unknown}
 r - a potion of magic {unknown}
 v - 2 potions of heal wounds {unknown}
Comestibles
 n - 5 rations
 o - 3 chunks of flesh


   Skills:
 + Level 1.4 Short Blades
 + Level 3.4 Dodging
 + Level 3.7 Stealth
 * Level 5.0 Spellcasting
 * Level 5.4 Conjurations
 + Level 0.4 Translocations


You had 3 spell levels left.
You knew the following spells:

 Your Spells              Type           Power        Failure   Level  Hunger
a - Magic Dart            Conj           ####         1%          1    None
b - Searing Ray           Conj           ####..       3%          2    None
c - Force Lance           Conj/Tloc      ###.....     47%         4    ####...
d - Iskenderun's Mystic   Conj           ####....     19%         4    ####...

Your spell library contained the following spells:

 Spells                   Type           Power        Failure   Level  Hunger
 Dazzling Spray           Conj/Hex       ###...       19%         3    ##.....
 Fulminant Prism          Conj/Hex       ###.......   52%         4    ####...


Dungeon Overview and Level Annotations

Branches:
Dungeon (4/15)
 Temple: D:4-7

Altars:
Okawaru
Ru
Trog

Annotations:
D:2 exclusion: sky beast


Message History

The gnoll is moderately wounded.
You butcher the jackal corpse.
Things that are here:
3 chunks of flesh; a jackal skeleton
o - 4 chunks of flesh (gained 3) Some of the chunks of flesh in your inventory have rotted away.
Casting: Magic Dart (safe; 1% risk of failure)
Confirm with . or Enter, or press ? or * to list all spells.
Aiming: Magic Dart (safe; 1% risk of failure)
Press: ? - help, Shift-Dir - straight line, f/p - gnoll
Aim: a gnoll, wielding a +0 club (moderately wounded)
The magic dart hits the gnoll.
The gnoll is severely wounded.
You barely miss the gnoll.
The gnoll is severely wounded.
The gnoll closely misses you.
You closely miss the gnoll.
The gnoll is severely wounded.
The gnoll hits you with a +0 club!
You die...

.....#.......# ..............
#.[..........# ................
..###........# ................
.......#.....####.............###
..####.#....<........#.......##
..# ##.......(.......#.......#
..###................#.......#
...#..##...##..#.....#.......#
##.#..#.....#..#@...##......<#
........._.....#g...##.......#
.#.#..#.....#..#....##.......####
.....รท##...##..#....##.......#...
...............#...........###...
#....#.........#)..........# #...
#....#..#......#...........# #...
#(...#........##...........# #...
#....#....................[# #...


You could see a gnoll.

Vanquished Creatures
  8 gnolls (D:3)
  5 adders
  An ooze (D:1)
  2 worms
  2 leopard geckos (D:2)
  7 giant cockroaches
  5 goblins
  4 hobgoblins
  18 jackals
  7 kobolds
  A quokka (D:2)
  2 ball pythons
  4 bats (D:2)
  4 frilled lizards
  9 rats
79 creatures vanquished.

Notes
Turn   | Place    | Note
-------+----------+-------------------------------------------
     0 | D:1      | Mithandil the Deep Elf Conjurer began the quest for the
                  | Orb.
     0 | D:1      | Reached XP level 1. HP: 10/10 MP: 6/6
   197 | D:1      | Reached XP level 2. HP: 15/15 MP: 6/8
   789 | D:2      | Noticed a sky beast
   838 | D:2      | Reached XP level 3. HP: 19/19 MP: 1/10
  1073 | D:3      | Found an iron altar of Okawaru.
  1190 | D:2      | Found a sacrificial altar of Ru.
  1393 | D:2      | Reached skill level 5 in Conjurations
  1393 | D:2      | Reached XP level 4. HP: 17/24 MP: 4/12
  1663 | D:2      | Learned a level 2 spell: Searing Ray
  1668 | D:2      | Learned a level 4 spell: Force Lance
  1673 | D:2      | Learned a level 4 spell: Iskenderun's Mystic Blast
  1692 | D:2      | Reached skill level 1 in Short Blades
  2099 | D:3      | Found a bloodstained altar of Trog.
  2393 | D:3      | Reached XP level 5. HP: 28/28 MP: 12/14
  2661 | D:3      | Reached skill level 5 in Spellcasting
  2686 | D:3      | Slain by a gnoll

Levels and vault maps discovered:
D:1:      psy_arrival_radial01, layout_loops_ring, chequers_mini_garden,
          serial_bayou_pond_e
D:2:      layout_loops_cross, overflow_temple_1_default, first_ration,
          minmay_3d_cube
D:3:      lemuel_castle_with_subvaults [lemuel_castle_interior_carwin_1],
          layout_basic, okawaru_gym_becter, bloody_trog
D:4:      layout_loops_ring, minmay_temple_entry_butterflies

Skill      XL: |  1  2  3  4  5 |
---------------+----------------+-----
Stealth        | 3 |  3.7
Spellcasting   | 4 5 |  5.0
Dodging        | 3 |  3.4
Conjurations   | 5 |  5.4
Short Blades   | 1 |  1.4
Translocations | |  0.4

Action                   |  1- 3 |  4- 6 || total
-------------------------+-------+-------++-------
Melee: Short sword       |       |    21 ||    21
 Cast: Magic Dart        |    74 |    82 ||   156
       Searing Ray       |       |     4 ||     4
  Eat: Chunk             |     1 |     4 ||     5
Armor: Robe              |     1 |       ||     1
       Leather armour    |     1 |     8 ||     9
Dodge: Dodged            |     4 |    22 ||    26

Table legend:
 A = Non-vault XP
 B = Vault XP
 C = Vault XP percentage of total XP
 D = Non-vault monster count
 E = Vault monster count
 F = Vault count percentage of total count
                 A         B        C        D         E       F
            +---------+---------+-------+---------+---------+-------
      Total |     142 |     159 |  52.8 |      53 |      26 |  32.9
            +---------+---------+-------+---------+---------+-------
        D:1 |      29 |       0 |   0.0 |      16 |       0 |   0.0
        D:2 |      84 |      18 |  17.6 |      29 |       4 |  12.1
        D:3 |      29 |     141 |  82.9 |       8 |      22 |  73.3
            +---------+---------+-------+---------+---------+-------
